AoeStats
← reev699169

Arena

510539791Analyzed
4v4 RM · 19h ago on Oct 1, 2026· 48m 1s· 8 players
Game mode
Random Map
Map size
Large (8 player)
Population
200
Speed
Normal
Resources
Standard
Victory
Conquest
Starting age
Dark Age
Ending age
Imperial Age
RankedLock teamsTeams togetherTeam positionsShared explorationLock speedFull tech treeHidden civsTurbo modeCheats
Victory
Defeat
🇨🇳 Persians · China
1069
+13
🇨🇳 Turks · China
1050
+14
🇨🇳 Goths · China
1009
+15
🇨🇳 Huns · China
978
+17
🇲🇽 Spanish · Mexico
1005
-15
🇷🇺 Danes · Russia
1005
-15
🇰🇿 Vietnamese · Kazakhstan
1004
-15
🇨🇴 Teutons · Colombia
975
-14
Borzak4113
0:33 Loom
11:40 Feudal Age
16:39 Castle Age
20:30 Horse Collar
22:22 Double-Bit Axe
25:13 Husbandry
27:00 Fletching
27:10 Padded Archer Armor
WAnds | Loki
0:35 Loom
12:42 Feudal Age
16:56 Castle Age
14:46 Horse Collar
15:19 Double-Bit Axe
16:19 Stone Mining
18:00 Bow Saw
18:46 Heavy Plow
25:42 Fletching
25:52 Padded Archer Armor
27:41 Ballistics
27:39 Bodkin Arrow
27:39 Elite Skirmisher
29:21 Leather Archer Armor
29:17 Thumb Ring
29:46 Gold Mining
30:36 Stone Shaft Mining
34:34 Imperial Age
32:43 Wheelbarrow
33:43 Scale Barding Armor
33:49 Forging
33:44 Light Cavalry
34:35 Bloodlines
34:25 Husbandry
34:59 Hand Cart
35:16 Bracer
35:47 Ring Archer Armor
35:37 Chain Barding Armor
35:53 Iron Casting
36:38 Chemistry
35:36 Imperial Skirmisher
38:48 Pikeman
39:28 Squires
39:14 Arson
40:40 Scale Mail Armor
42:11 Halberdier
KOMMEPCAHT
2:39 Loom
11:59 Feudal Age
13:13 Double-Bit Axe
13:37 Horse Collar
16:32 Castle Age
15:37 Wheelbarrow
19:09 Hand Cart
25:26 Gold Mining
25:26 Stone Mining
25:48 Bow Saw
25:41 Heavy Plow
27:08 Loom
28:56 Ballistics
29:38 Murder Holes
33:10 Hamask
39:44 Imperial Age
38:20 Gold Shaft Mining
38:20 Stone Shaft Mining
38:19 Squires
38:04 Arson
37:40 Pikeman
38:05 Gambesons
39:57 Capped Ram
40:04 Elite Varangian Guard
41:07 Conscription
41:08 Forging
40:58 Scale Mail Armor
40:59 Padded Archer Armor
40:50 Fletching
40:30 Heavy Scorpion
41:18 Halberdier
41:35 Siege Ram
43:31 Iron Casting
43:11 Chain Mail Armor
44:45 Bodkin Arrow
44:43 Elite Jomsviking
WololoJedi
7:11 Loom
11:40 Feudal Age
13:14 Wheelbarrow
12:23 Horse Collar
12:32 Double-Bit Axe
14:50 Forging
20:52 Castle Age
19:04 Stone Mining
19:30 Arson
20:28 Gold Mining
23:49 Bow Saw
23:41 Heavy Plow
29:56 Gold Mining
31:32 Fletching
31:43 Padded Archer Armor
35:36 Imperial Age
35:47 Bodkin Arrow
36:08 Leather Archer Armor
35:54 Scale Mail Armor
36:56 Pikeman
37:36 Squires
37:22 Gambesons
36:57 Man-at-Arms
38:20 Conscription
39:03 Hand Cart
41:08 Crop Rotation
43:59 Chemistry
45:55 Iron Casting
45:35 Chain Mail Armor
45:36 Leather Archer Armor
45:23 Long Swordsman
47:17 Hoardings
46:53 Two-Handed Swordsman
DazHkaka
12:17 Feudal Age
16:11 Castle Age
20:33 Imperial Age
19:01 Double-Bit Axe
19:52 Padded Archer Armor
25:02 Leather Archer Armor
42:49 Heavy Scorpion
44:03 Gold Mining
46:24 Heavy Camel Rider
lunb829195
10:33 Feudal Age
15:28 Castle Age
13:50 Double-Bit Axe
13:58 Horse Collar
14:41 Gold Mining
18:35 Wheelbarrow
18:59 Stone Mining
opwo175712
10:58 Feudal Age
16:13 Castle Age
14:41 Double-Bit Axe
14:49 Horse Collar
15:25 Gold Mining
17:40 Wheelbarrow
18:04 Bow Saw
18:38 Loom
22:31 Heavy Plow
23:17 Stone Mining
27:56 Gold Shaft Mining
30:27 Imperial Age
28:13 Marauders
28:24 Scale Barding Armor
28:31 Forging
28:44 Husbandry
28:55 Bloodlines
31:10 Chain Barding Armor
31:25 Iron Casting
32:39 Plate Barding Armor
32:29 Conscription
32:44 Elite Tarkan
36:59 Blast Furnace
38:30 Two-Man Saw
reev699169
11:18 Feudal Age
18:08 Castle Age
16:26 Double-Bit Axe
16:33 Horse Collar
17:06 Stone Mining
17:46 Loom
19:12 Wheelbarrow
20:30 Scale Mail Armor
26:40 Hand Cart
35:02 Heavy Plow
38:55 Imperial Age
37:43 Anarchy
39:49 Bow Saw
39:57 Forging
42:01 Chain Mail Armor
42:21 Iron Casting
42:11 Gold Mining
42:57 Stone Shaft Mining
43:01 Squires
43:50 Perfusion
Connection lost

Rejoining the realm…

Still unreachable

The connection could not be restored.

Session expired

The server has moved on; the page needs a fresh start.